[Event "Championnat du monde jeunes U10"]
[Date "2024.11.17"]
[White "Kazimzade, Mahammad"]
[Black "Mrozowski, Nikodem"]
[WhiteElo "1687"]
[BlackElo "1874"]
[Round "3.32"]
[Result "1/2-1/2"]
[TimeControl "5400+30"]

1. d4 Nf6 2. c4 g6 3. Nc3 d5 4. cxd5 Nxd5 5. g3 Bg7 6. Bg2 Nb6 7. Nf3 O-O 8. O-O Nc6 9. e3 Re8 10. Ne1 e5 11. d5 Na5 12. Nc2 e4 13. Nxe4 Nxd5 14. Qe2 Bf5 15. Nc5 Qd6 16. Nb3 Nxb3 17. axb3 Be4 18. Bxe4 Rxe4 19. Rd1 Qc6 20. Qd3 Nb6 21. Ra2 Re7 22. Nb4 Qf3 23. Qc2 c5 24. Nd3 Rd7 25. Rd2 Rad8 26. Ra5 c4 27. bxc4 Qe4 28. Nc5 Qxc2 29. Rxc2 Rd1+ 30. Kg2 Rc8 31. b4 a6 32. Nxb7 Rxc4 33. Rc5 Rxc2 34. Rxc2 Bf8 35. Nc5 Nd5 36. Nxa6 Nxb4 37. Nxb4 Bxb4 38. Bb2 Be7 39. Rc7 Kf8 40. Kf3 Ke8 41. Bd4 Rd2 42. Bc5 Bxc5 43. Rxc5 Ke7 44. Rc6 Kd7 45. Ra6 Rb2 46. e4 Rb3+ 47. Kg2 Rb2 48. h4 Rb3 49. h5 Rc3 50. Ra8 Rc5 51. hxg6 hxg6 52. Ra6 Rc3 53. f4 Rb3 54. e5 Ke7 55. Kh3 Rc3 56. Kh4 Rf3 57. Rd6 Rb3 58. g4 Rf3 59. Kg5 Rg3 60. Ra6 Rg1 61. Kh4 Rh1+ 62. Kg3 Rg1+ 63. Kf3 Rf1+ 64. Kg3 Rg1+ 65. Kh4 Rh1+ 66. Kg5 Rg1 67. e6 fxe6 68. Ra7+ Kf8 69. Kf6 Kg8 70. Rg7+ Kf8 71. Rxg6 Re1 72. Rh6 Kg8 73. Ke7 Re4 74. Rf6 e5 75. f5 Rxg4 76. Rf8+ Kh7 77. f6 Ra4 78. f7 Ra7+ 79. Ke6 Ra6+ 1/2-1/2

[Variant "Standard"]
[Site "Europe Echecs"]

[Event "Championnat du monde jeunes U10"]
[Date "2024.11.17"]
[White "Friscic, Jakov"]
[Black "Gusev, Daniil Den"]
[WhiteElo "1685"]
[BlackElo "1863"]
[Round "3.33"]
[Result "1/2-1/2"]
[TimeControl "5400+30"]

1. d4 Nf6 2. c4 g6 3. Nc3 Bg7 4. e4 d6 5. f3 O-O 6. Be3 e5 7. d5 c6 8. Qd2 cxd5 9. cxd5 Nh5 10. Bd3 Nf4 11. Bf1 f5 12. Nge2 Nd7 13. Rc1 a6 14. g3 Nxe2 15. Bxe2 f4 16. Bf2 Bf6 17. g4 Bh4 18. Bd3 Nc5 19. Bf1 Bd7 20. Bxh4 Qxh4+ 21. Qf2 Qxf2+ 22. Kxf2 Rfc8 23. Be2 Na4 24. Nxa4 Bxa4 25. b3 Bd7 26. Bd3 Kf7 27. Ke2 h6 28. h4 Ke7 29. Kd2 b5 30. Rxc8 Rxc8 31. Rc1 Rxc1 32. Kxc1 a5 33. b4 axb4 34. Kb2 Kd8 35. Kb3 Kc7 36. Kxb4 Kb6 37. Be2 h5 38. g5 Be8 39. Bd3 Bd7 40. Bf1 Be8 41. Bh3 Ka6 42. Bc8+ Kb6 43. a3 Kc7 1/2-1/2

[Variant "Standard"]
[Site "Europe Echecs"]

[Event "Championnat du monde jeunes U10"]
[Date "2024.11.17"]
[White "Akramov, Khasan"]
[Black "Yao, Lucas Mason Pin Qian"]
[WhiteElo "1835"]
[BlackElo "1687"]
[Round "3.34"]
[Result "1-0"]
[TimeControl "5400+30"]

1. c4 e6 2. g3 d5 3. d4 Nf6 4. Bg2 Be7 5. Nf3 O-O 6. O-O dxc4 7. Qc2 b5 8. a4 b4 9. Nfd2 Nd5 10. Nxc4 c5 11. e4 Nb6 12. Nxb6 axb6 13. d5 Ra7 14. Bf4 Ba6 15. Rd1 exd5 16. exd5 Bd6 17. Bxd6 Qxd6 18. Nd2 Rd8 19. Ne4 Qg6 20. a5 Bb7 21. Qb3 bxa5 22. Nxc5 Qb6 23. Rac1 h6 24. Qa4 Bc8 25. Re1 Nd7 26. Nd3 Ba6 27. Nf4 Bb5 28. Qc2 Qd6 29. Qf5 a4 30. Be4 Nf6 31. Bb1 g6 32. Qh3 h5 33. Qh4 Ng4 34. Bxg6 fxg6 35. Re6 a3 36. bxa3 bxa3 37. Rxg6+ Qxg6 38. Nxg6 Re8 39. Qxh5 Nf6 40. Qg5 Kf7 41. Ne5+ Rxe5 42. Qxe5 a2 43. Rc7+ Rxc7 44. Qxc7+ Kf8 45. Qa7 Nxd5 46. Qxa2 Ne7 47. Qa8+ Be8 48. f4 Kf7 49. g4 Bc6 50. Qa7 Ke6 51. f5+ Kf6 52. g5+ Kxg5 53. Qxe7+ Kxf5 54. Qc5+ Ke4 55.
Qxc6+ Ke5 56. h4 Kd4 57. h5 Ke5 58. h6 Kd4 59. h7 Ke5 60. h8=Q+ Kf4 61. Qh4+ Ke3 62. Qc2 Kf3 63. Qce4# 1-0

[Variant "Standard"]
[Site "Europe Echecs"]

[Event "Championnat du monde jeunes U10"]
[Date "2024.11.17"]
[White "Guirado Lara, Pablo"]
[Black "Makhsatuly, Rakhim"]
[WhiteElo "1832"]
[BlackElo "1683"]
[Round "3.35"]
[Result "1/2-1/2"]
[TimeControl "5400+30"]

1. e4 c5 2. Nf3 a6 3. c3 d5 4. e5 Nc6 5. d4 Bg4 6. Be2 e6 7. b3 Nge7 8. Bb2 Nf5 9. Nbd2 cxd4 10. Nxd4 Bxe2 11. Qxe2 Nfxd4 12. cxd4 Qb6 13. Nf3 Bb4+ 14. Kf1 O-O 15. g3 f6 16. Kg2 Rad8 17. Rac1 fxe5 18. Nxe5 Nxe5 19.
Qxe5 Rf5 20. Qc7 Ba5 21. Qxb6 Bxb6 22.
Rhe1 Rdf8 23. Rc2 Re8 24. Rd1 Kf7 25. h4 Ke7 26. Ba3+ Kd7 27. Bc5 Rc8 28. Rdc1 Bxc5 29. Rxc5 Rxc5 30. Rxc5 Rf8 31.
f4 h6 32. Kh3 h5 33. Rc2 g6 34. Rf2 Rc8 35. Kg2 Rc1 36. Rf1 Rxf1 37. Kxf1 Ke7 38. Kf2 Kf6 39. Ke3 Kf5 40. Kf3 a5 41. a4 b6 42. Ke3 Kg4 43. Kf2 Kh3 44. Kf3 Kh2
45. Kf2 Kh3 1/2-1/2

[Variant "Standard"]
[Site "Europe Echecs"]

[Event "Championnat du monde jeunes U10"]
[Date "2024.11.17"]
[White "Aghoyan, Gevorg"]
[Black "Perez Solanas, Hugo"]
[WhiteElo "1682"]
[BlackElo "1824"]
[Round "3.36"]
[Result "0-1"]
[TimeControl "5400+30"]

1. e4 c5 2. Nf3 g6 3. c3 d5 4. exd5 Qxd5 5. d4 Bg7 6. Nbd2 cxd4 7. Bc4 Qa5 8. Nxd4 Nf6 9. O-O O-O 10. Re1 Qc5 11. Qb3 e5 12. N4f3 Nc6 13. Qd1 e4 14. b4 Qf5 15. Nd4 Nxd4 16. cxd4 Bd7 17. h3 Bc6 18. Bb2 Rfe8 19. Nf1 Rad8 20. Ne3 Qd7 21. Qc2 Nd5 22. a3 h5 23. Rac1 a6 24. Bb3 Kh7 25. Bc4 f5 26. Bxd5 Bxd5 27. Qc5 Bf7 28. Red1 f4 29. Nc4 Rc8 30. Nb6 Rxc5 31. Nxd7 Rxc1 32. Rxc1 e3 33. Ne5 Bd5 34. f3 Re7 35. Rc5 Bb3 36. Kf1 Bf6 37. Ke2 Ba4 38. Rc3 Bb5+ 39. Nd3 Bxd4 40. Rc2 Bxb2 41. Rxb2 Rd7 42. Rb3 Bc4 43. Rc3 b5 44. h4 Kg7 45. g3 fxg3 46. Kxe3 Rxd3+ 47. Rxd3 Bxd3 48. f4 g2 49. Kf2 Be4 50. f5 gxf5 51. Kg1 Kf6 52. Kh2 Ke5 53. a4 bxa4 54. b5 axb5 55. Kg1 a3 56. Kh2 a2 57.
Kh3 a1=Q 58. Kh2 Qh1+ 59. Kg3 g1=Q# 0-1

[Variant "Standard"]
[Site "Europe Echecs"]

[Event "Championnat du monde jeunes U10"]
[Date "2024.11.17"]
[White "Della Penna, Leonardo"]
[Black "Buklaho, Ignacy"]
[WhiteElo "1675"]
[BlackElo "1822"]
[Round "3.37"]
[Result "1/2-1/2"]
[TimeControl "5400+30"]

1. e4 c6 2. Nc3 d5 3. Nf3 Bg4 4. h3 Bxf3 5. Qxf3 e6 6. d4 Nd7 7. Bd3 dxe4 8. Nxe4 Ngf6 9. c3 Nxe4 10. Bxe4 Nf6 11. O-O Nxe4 12. Qxe4 Bd6 13. Qg4 O-O 14. Bf4 Bxf4 15. Qxf4 Qb6 16. Qg3 Rad8 17. Rfe1 Rd7 18. Re2 Rfd8 19. Rae1 h6 20. Qg4 c5 21. dxc5 Qxc5 22. Qf4 Qb5 23. Qc1 Rd3 24. c4 Qa5 25. b3 Qf5 26. Re3 Rd2 27. R3e2 R2d4 28. Qc2 Qa5 29. Qc1 Rd2 30. a3 R2d3 31. Re3 Qb6 32. b4 Qd4 33. c5 Rd2 34. Qc3 Qd5 35. Rg3 Rd4 36. Rge3 a6 37. Re5 Qc6 38. R5e3 Qb5 39. Rg3 Qc4 40. Qxc4 Rxc4 41. Ree3 Rd1+ 42. Kh2 Rd2 43. Rgf3 a5 44. bxa5 Rxc5 45. Rb3 Rd7 46. Rfc3 Rxa5 47. Rc8+ Kh7 48. Rb8 f6 49. g4 Ra4 50. Kg3 e5 51. h4 Rad4 52. f3 Ra4 53. h5 Rad4 1/2-1/2

[Variant "Standard"]
[Site "Europe Echecs"]

[Event "Championnat du monde jeunes U10"]
[Date "2024.11.17"]
[White "Dayal, Samar"]
[Black "Megagiannis, Maximos"]
[WhiteElo "1818"]
[BlackElo "1682"]
[Round "3.38"]
[Result "1-0"]
[TimeControl "5400+30"]

1. e4 c6 2. d4 d5 3. exd5 cxd5 4. c4 Nf6 5. Nc3 Nc6 6.
Nf3 a6 7. h3 g6 8. cxd5 Nxd5 9. Bc4 Be6 10. Be2 Bg7 11. O-O O-O 12. Be3 Nxc3 13. bxc3 Qa5 14. c4 Bf5 15. Qb3 Qc7 16. Rac1 Rfd8 17. d5 Ne5 18. Bb6 Nxf3+ 19. Bxf3 Qf4 20. Bxd8 Rxd8 21.
Qe3 Qh4 22. g3 Qxh3 23. Qxe7 Rd7 24.
Qe8+ Bf8 25. c5 h5 26. Rc4 Bd3 27. Bg2 Re7 28. Qxe7 Qxg2+ 29. Kxg2 Bxf1+ 30. Kxf1 Bxe7 31. d6 Bd8 32. Rb4 1-0

[Variant "Standard"]
[Site "Europe Echecs"]

[Event "Championnat du monde jeunes U10"]
[Date "2024.11.17"]
[White "Mariani, Kim Paul"]
[Black "Golya, David"]
[WhiteElo "1814"]
[BlackElo "1672"]
[Round "3.39"]
[Result "0-1"]
[TimeControl "5400+30"]

1. d4 d5 2. c4 c6 3. Nc3 Nf6 4. Nf3 dxc4 5. a4 Bf5 6. e3 Nbd7 7. Bxc4 e6 8. O-O Be7 9. Re1 O-O 10. h3 Nb6 11. Bd3 c5 12. Bxf5 exf5 13. Qb3 Rb8 14. Bd2 Nfd5 15. a5 c4 16. Qc2 Nb4 17. Qxf5 Nc8 18. Red1 g6 19. Qg4 Nd6 20. Ne5 f5 21. Qe2 Rc8 22. Na4 Qxa5 23. Nc5 Qb5 24. Rxa7 Nc6 25. Nxc6 Qxc6 26. Rda1 Nb5 27. Qxc4+ Rf7 28. Bb4 Nxa7 29. Rxa7 Rc7 30. Ra8+ Bf8 31. d5 b5 32. Qd4 Qxa8 33. d6 Rc6 34. d7 Rd6 35. Qe5 Rd1+ 0-1

[Variant "Standard"]
[Site "Europe Echecs"]

[Event "Championnat du monde jeunes U10"]
[Date "2024.11.17"]
[White "Iliev, Stoyan"]
[Black "Jani, Aakash"]
[WhiteElo "1671"]
[BlackElo "1810"]
[Round "3.40"]
[Result "0-1"]
[TimeControl "5400+30"]

1. e4 e5 2. Nf3 Nc6 3. Bb5 Nge7 4. d3 g6 5. Bg5 Bg7 6. Nc3 h6 7. Bh4 g5 8. Bg3 d6 9. Nd2 a6 10. Bc4 Ng6 11. Qf3 O-O 12. Qh5 Kh7 13. h4 g4 14. Ne2 Nce7 15. f3 Ng8 16. O-O-O Nf6 17. Qg5 hxg5 18. hxg5+ Kg8 19. gxf6 Qxf6 20. Rh2 Be6 21. Rdh1 Bxc4 22. dxc4 Qg5 23. Kd1 Nf4 24. Bxf4 exf4 25. Rh5 Qf6 26. fxg4 Qxb2 27. Nxf4 Qxa2 28. Nd5 Rae8 29. Nxc7 Re5 30. R5h3 Rc8 31. Nd5 b5 32. g5 Rxd5 33. exd5 bxc4 34. g4 c3 35. Nb3 Qb1+ 36. Nc1 Rc4 37. Rd3 Rxg4 38. Re1 Be5 39. g6 fxg6 40. Rf1 Bf4 0-1

[Variant "Standard"]
[Site "Europe Echecs"]

[Event "Championnat du monde jeunes U10"]
[Date "2024.11.17"]
[White "Kovacs, Balazs"]
[Black "Barsov, Mikhail"]
[WhiteElo "1800"]
[BlackElo "1668"]
[Round "3.41"]
[Result "0-1"]
[TimeControl "5400+30"]

1. e4 c6 2. d4 d5 3. Nc3 dxe4 4. Nxe4 Nf6 5. Qd3 Nxe4 6. Qxe4 Nd7 7. Nf3 Nf6 8. Qd3 g6 9. g3 Bg7 10. Bg2 O-O 11. O-O Bf5 12. Qe2 Re8 13. c3 Qb6 14. Bf4 Rad8 15. Ne5 Nd5 16. Bxd5 Rxd5 17. b3 h6 18. g4 Be6 19. Nxg6 c5 20. Ne5 cxd4 21. c4 Rdd8 22. Kh1 d3 23. Nxd3 Bxa1 24. Rxa1 Qd4 25. Rd1 Kh7 26. g5 Bf5 27. Qh5 Qg7 28. Be5 Qg6 29. Qxg6+ Bxg6 30. Nb2 Rxd1+ 31. Nxd1 Be4+ 32. Kg1 hxg5 33. Ne3 Kg6 34. Kf1 Bf3 35. Ke1 Rd8 36. Bc3 f5 37. Ba5 Rd7 38. Bd2 e5 39. c5 f4 40. Nc4 Kf6 41. Nd6 Ke6 42. Bc3 Rc7 43. b4 a5 44. a3 axb4 45. axb4 Rh7 46. Nc4 e4 47. Na5 e3 48. fxe3 fxe3 49. Kf1 Rxh2 50. Ke1 Rh1#
0-1

[Variant "Standard"]
[Site "Europe Echecs"]

[Event "Championnat du monde jeunes U10"]
[Date "2024.11.17"]
[White "Cao, Frank Zhongtian"]
[Black "Bartash, Saveli"]
[WhiteElo "1793"]
[BlackElo "1661"]
[Round "3.42"]
[Result "1-0"]
[TimeControl "5400+30"]

1. e4 c5 2. Nf3 d6 3. d4 cxd4 4. Nxd4 Nf6 5. Nc3 a6 6. Bg5 e6 7. f4 Be7 8. Qf3 Nbd7 9. O-O-O Qc7 10. g4 b5 11. Bxf6 Nxf6 12. g5 Nd7 13. f5 Bxg5+ 14. Kb1 Nc5 15. fxe6 O-O 16. Qg2 fxe6 17. Qxg5 b4 18. Nd5 exd5 19. Qxd5+ Qf7 20. Bc4 Ra7 21. Qxf7+ Rfxf7 22. Nc6 Rd7 23. Rhf1 d5 24. Bxd5 Ne6 25. Ne5 Rxf1 26. Bxe6+ Rff7 27. Rxd7 Bxd7 28. Nxd7 g5 29. Ne5 Kg7 30. Nxf7 Kf6 31. Bd5 g4 32. Nh6 Kg5 33. Nxg4 Kxg4 34. e5 1-0

[Variant "Standard"]
[Site "Europe Echecs"]

[Event "Championnat du monde jeunes U10"]
[Date "2024.11.17"]
[White "Neuschild, Marius"]
[Black "Tugsbilguun, Davganamdag"]
[WhiteElo "1786"]
[BlackElo "1660"]
[Round "3.43"]
[Result "0-1"]
[TimeControl "5400+30"]

1. e4 c5 2. Nf3 d6 3. d4 cxd4 4. Nxd4 Nf6 5. Nc3 a6 6. f4 e5 7. Nf3 Nbd7 8. Bc4 Be7 9. a4 O-O 10. O-O exf4 11. Bxf4 Qb6+ 12. Kh1 Qxb2 13. Qe1 Qb6 14. Ba2 Qc7 15. Rd1 Ne5 16. h3 Bd7 17. Nd5 Nxd5 18. Bxd5 Bxa4 19. Qg3 Bf6 20. Nd4 Kh8 21. Nf5 g6 22. Ne3 Bg7 23. Bg5 f6 24. Bf4 Bc6 25. Rf2 a5 26. h4 a4 27. h5 g5 28. Bxe5 dxe5 29. h6 Bxh6 30. Qh3 Bg7 31. g4 Bxd5 32. exd5 Qf7 33. Rh2 Qg6 34. Nf5 a3 35. Re1 h6 36. Nxh6 Bxh6 37. Qxh6+ Qxh6 38. Rxh6+ Kg7 39. Rh2 Rh8 40.
Rxh8 Rxh8+ 41. Kg2 Rd8 42. Rb1 Rxd5 43. Rxb7+ Kg6 44. Ra7 Rd2+ 45. Kf3 Rxc2 46. Rxa3 Rc6 47. Ra5 Rc3+ 48. Kf2 Kf7 49. Ra6 Ke7 50. Rb6 Rd3 51. Rb7+ Ke6 52. Rb6+ Rd6 53. Rb8 Kd5 54. Ke3 Kc5 55. Rc8+ Rc6 56. Rb8 Kc4 57. Ke4 Kc3 58. Kf3 Kd2 59. Rd8+ Ke1 60. Rd3 Rc4 61. Re3+ Kf1 62. Ra3 Rf4+ 63. Kg3 Re4 64. Ra1+ Re1 65. Ra6 Re3+ 66. Kh2 Rf3 67. Ra1+ Ke2 68. Ra2+ Ke3 69. Kg2 Kf4 70. Ra4+ e4 71. Rb4 Rg3+ 72. Kf2 Rxg4 73. Ra4 f5 74. Rb4 Rh4 75. Kg2 g4 76. Rb3 Rh3 77. Rb4 Rd3 78. Ra4 g3 79. Rb4 Rd2+ 80. Kg1 Kf3 81. Rb3+ e3 82. Rb1 Rd3 83. Ra1 e2 84. Re1 Rd1 85. Rxd1 exd1=R# 0-1

[Variant "Standard"]
[Site "Europe Echecs"]

[Event "Championnat du monde jeunes U10"]
[Date "2024.11.17"]
[White "Popov, Aleksandr And"]
[Black "Liu, Liam"]
[WhiteElo "1651"]
[BlackElo "1783"]
[Round "3.44"]
[Result "0-1"]
[TimeControl "5400+30"]

1. e4 c6 2. d4 d5 3. e5 c5 4. dxc5 e6 5. a3 Bxc5 6. b4 Be7 7. Bb2 a5 8. b5 Nd7 9. Nf3 Nh6 10. Be2 f6 11. exf6 Bxf6 12. Bxf6 Qxf6 13. Qd4 Nf5 14. Qxf6 gxf6 15. c4 dxc4 16. Bxc4 Nc5 17. Nbd2 Bd7 18. a4 Rc8 19. Nb3 b6 20. Nxc5 Rxc5 21. Bd3 Nd6 22. O-O e5 23. Rfe1 Be6 24. Bf1 Ke7 25. g3 Rhc8 26. Bg2 Rc4 27. Nd2 Rd4 28. Red1 Rc2 29. Nf1 Rxd1 30. Rxd1 Ra2 31. Rc1 Bc4 32. Ne3 Rxa4 33. Nd5+ Bxd5 34. Bxd5 Nxb5 35. Rc6 Rd4 36. Bb3 Rd6 37. Rc4 Nd4 38. Ba4 b5 39. Rc5 bxa4 40. Rxa5 Ne2+ 41. Kf1 Nc3 42. Kg2 Rd5 43. Ra6 Rd4 44. Rc6 Nb5 45. Rb6 Rb4 46. Ra6 a3 47. Ra5 Rb2 48. g4 a2 49. g5 fxg5 50. h4 gxh4 51. Kh3 Nc3 52. f4 Rb3 53. fxe5 Na4+ 54. Kxh4 a1=Q 55. Rxa4 Qxa4+ 56. Kh5 Qf4 57. e6 Rh3# 0-1

[Variant "Standard"]
[Site "Europe Echecs"]

[Event "Championnat du monde jeunes U10"]
[Date "2024.11.17"]
[White "Gomez Silva, Maximiliano"]
[Black "Zilincan, Tomas"]
[WhiteElo "1643"]
[BlackElo "1778"]
[Round "3.45"]
[Result "1/2-1/2"]
[TimeControl "5400+30"]

1. d4 e6 2. Nf3 d5 3. g3 c6 4. Bg2 Nf6 5. O-O Nbd7 6. c4 Be7 7. Qc2 O-O 8. b3 b6 9. Bf4 Ba6 10. Nbd2 Rc8 11. Rfe1 c5 12. e4 dxe4 13. Nxe4 cxd4 14. Nxd4 e5 15. Nxf6+ Bxf6 16. Nc6 Qc7 17. Nb4 Bb7 18. Bxb7 Qxb7 19. Be3 a5 20. Nd3 b5 21. Rac1 e4 22. Nf4 Ne5 23. Red1 bxc4 24. Nd5 cxb3 25. Qxe4 Qa6 26. axb3 Qe6 27. Nxf6+ Qxf6 28. Rxc8 Rxc8 29. Bd4 Nf3+ 30.
Kg2 Nxd4 31. Qxd4 Qc6+ 32. Qd5 Qc7 33.
Ra1 h6 34. Rxa5 Qb8 35. Rb5 Qc7 36. Rb7 Qc6 37. Qxc6 Rxc6 38. Rd7 Rc2 39. b4 Rb2 40. Rd4 Kf8 41. h4 Ke7 42. Kf3 Ke6 43. h5 g6 44. g4 Rb3+ 45. Kf4 Rb2 46. f3 Rb3 47. Rd2 1/2-1/2

[Variant "Standard"]
[Site "Europe Echecs"]

[Event "Championnat du monde jeunes U10"]
[Date "2024.11.17"]
[White "Qian, Qipeng"]
[Black "Todmunkh, Turbat"]
[WhiteElo "1641"]
[BlackElo "1773"]
[Round "3.46"]
[Result "1/2-1/2"]
[TimeControl "5400+30"]

1. d4 Nf6 2. c4 g6 3. Nc3 Bg7 4. e4 d6 5. Be2 O-O 6. Bg5 c6 7. Qd2 Nbd7 8. Rd1 e5 9. d5 Qa5 10. Nf3 cxd5 11. cxd5 Nc5 12. Bxf6 Bxf6 13. O-O Bg7 14. Nb5 Qd8 15. Qc2 a6 16. Nc3 Bg4 17. h3 Bxf3 18. Bxf3 f5 19. b4 Nd7 20. Be2 Rc8 21. Qd2 Nf6 22. Bd3 f4 23. Be2 h5 24. f3 Qb6+ 25. Kh2 Qxb4 26. Nb1 Qxd2 27. Rxd2 Nd7 28. Rb2 Nc5 29. Rc1 Bf6 30. Nd2 b5 31. Rbc2 Be7 32. Nb3 Kf7 33. Nxc5 dxc5 34. a4 c4 35. axb5 axb5 36. Rb1 Rb8 37. d6 Bxd6 38. Rxb5 Rxb5 39. Bxc4+ Ke7 40. Bxb5 Rb8 41. Be2 Rb1 42. g3 g5 43. g4 h4 44. Kg2 Bb8 45. Bf1 Kd6 46. Bd3 Ra1 47. Bf1 Ba7 48. Rd2+ Bd4 49. Rc2 Bc5 50. Rd2+ Kc6 51. Rc2 Kb6 52. Rb2+ Kc7 53. Rc2 Kc6 54. Rb2 Rc1 55. Bb5+ Kd6 56. Bf1 Bd4 57. Rd2 Kc5 58. Be2 Re1 59. Bf1 Kb4 60. Rd3 Ra1 61. Kh1 Ra2 62. Bg2 Rf2 63. Rd1 Kc3 64. Rc1+ Kd2 65. Rf1 Re2 66. Kh2 Ke3 67. Kh1 Bc3 68. Kg1 Bb4 69. Rb1 Bc5 70. Rc1 Bd4 71. Kh2 Kd2 72. Rf1 Re1 73. Rxe1 Kxe1 74. Bh1 Bf2 75. Bg2 Bg3+ 76. Kg1 Ke2 77. Bh1 Bf2+ 78. Kh2 Bg3+ 79. Kg1 Ke1 80.
Bg2 Ke2 81. Bh1 Ke1 82. Bg2 1/2-1/2

[Variant "Standard"]
[Site "Europe Echecs"]

[Event "Championnat du monde jeunes U10"]
[Date "2024.11.17"]
[White "Prokhorov, Makar"]
[Black "Grimm, Jakob"]
[WhiteElo "1771"]
[BlackElo "1646"]
[Round "3.47"]
[Result "0-1"]
[TimeControl "5400+30"]

1. e4 e5 2. Nf3 Nc6 3. Bb5 a6 4. Ba4 Nf6 5. O-O Be7 6. Re1 b5 7. Bb3 O-O 8. c3 Re8 9. d4 Bf8 10. Nbd2 d6 11. h3 Bb7 12. a3 h6 13. Bc2 Qd7 14. Nf1 Rad8 15. Ng3 d5 16. exd5 Qxd5 17. dxe5 Nxe5 18. Nh4 Qc6 19. Bd2 Nc4 20. Rxe8 Nxe8 21. Nf1 Be7 22. Nf3 Bg5 23. Qe2 Nxd2 24. Ne1 Nxf1 25. Qxf1 Rd2 26. Rd1 Rxd1
27. Bxd1 Qg6 28. Bc2 Be4 29. Nd3 Bxd3 30. Bxd3 Qe6 31. a4 c6 32. axb5 axb5 33. c4 bxc4 34. Bxc4 Qe5 35. b4 Nd6 36. Bd3 Bd2 37. g3 Qe1 38. b5 Qxf1+ 39. Kxf1 cxb5 40. Ke2 Bc3 41. Kd1 b4 42. Kc2 Kf8 43. Kb3 Ke7 44. Kc2 Nb7 45. Bc4 Be1 46. Bd5 Nc5 47. g4 Bxf2 48. Kd2 f6 49. Ke2 Bd4 50. Kd2 b3 51. Kc1 b2+ 52. Kc2 Kd6 53. Bc4 Ke5 54. Bf1 Na4 55. Kb3 b1=Q+ 56. Kxa4 Bc5 57. h4 Qb4# 0-1

[Variant "Standard"]
[Site "Europe Echecs"]

[Event "Championnat du monde jeunes U10"]
[Date "2024.11.17"]
[White "Montaigu Dupont, Arthur"]
[Black "Vedrickas, Vytis"]
[WhiteElo "1767"]
[BlackElo "1642"]
[Round "3.48"]
[Result "1-0"]
[TimeControl "5400+30"]

1. e4 c5 2. Nf3 g6 3. c3 Bg7 4. d4 cxd4 5. cxd4 d5 6. e5 a6 7. Nc3 Nc6 8. h3 f6 9. Bf4 fxe5 10. Nxe5 Nxe5 11. Bxe5 Bxe5 12. dxe5 d4 13. Qa4+ b5 14. Bxb5+ axb5 15. Qxa8 dxc3 16. Qc6+ Bd7 17. Qxc3 e6 18. O-O Ne7 19. b3 O-O 20. a4 Nd5 21. Qd2 Qb6 22. a5 Qa7 23. Rfd1 Bc6 24. Qd4 Qf7 25. f3 Nf4 26. Qd2 Nxh3+ 27. Kh2 Nf4 28. a6 Qf5 29. a7 Qh5+ 30. Kg1 Nh3+ 31. gxh3 Qxf3 32. Kh2 Qe4 33. Re1 Qh4 34. Rf1 Rd8 35. Qf2 Qe7 36. Ra2 Qd7 37. Qg3 Qd5 38. Qe3 Rd7 39. Qf4 Rd8 40. Raf2 Bb7 41. Qg3 Rc8 42. Qf4 Qc6 43. Rd1 Qe8 44. Qf6 Ba8 45. Rfd2 Bd5 46. Rf2 Ba8 47. Rd6 Bd5 48. Rxd5 exd5 49. e6 Qc6 50. Qf7+ Kh8 51. e7 Qd6+ 52. Kg2 1-0

[Variant "Standard"]
[Site "Europe Echecs"]

[Event "Championnat du monde jeunes U10"]
[Date "2024.11.17"]
[White "Hochman, Gur"]
[Black "Fattori Dittmar, Luca"]
[WhiteElo "1626"]
[BlackElo "1766"]
[Round "3.1"]
[Result "1/2-1/2"]
[TimeControl "5400+30"]

1. e4 e6 2. d3 d5 3. Nd2 Nf6 4. Ngf3 Bc5 5. g3 dxe4 6. Nxe4 Nxe4 7. dxe4 Bxf2+ 8. Kxf2 Qxd1 9. Bb5+ Qd7 10. Bxd7+ Bxd7 11. Bf4 Na6 12. Ne5 f6 13. Nxd7 Kxd7 14. Rhe1 e5 15. Rad1+ Ke6 16. Bc1 Rad8 17. a3 Rd6 18. Rxd6+ Kxd6 19. b4 Rd8 20. Be3 Ke6 21. b5 Nb8 22. Bxa7 Rd2+ 23. Re2 Rxe2+ 24. Kxe2 Nd7 25.
Bf2 Kd6 26. Kd3 Nc5+ 27. Bxc5+ Kxc5 28.
c4 h5 29. h3 g6 30. g4 h4 31. Kc3 b6 32. Kd3 Kd6 33. Ke3 Ke6 34. Kd3 Kd6 35. Ke3 Kc5 36. Kd3 g5 37. Kc3 1/2-1/2

[Variant "Standard"]
[Site "Europe Echecs"]

[Event "Championnat du monde jeunes U10"]
[Date "2024.11.17"]
[White "Katta, Sriansh"]
[Black "Kalinichenko, German Yu"]
[WhiteElo "1766"]
[BlackElo "1621"]
[Round "3.2"]
[Result "1-0"]
[TimeControl "5400+30"]

1. e4 e5 2. Nf3 Nc6 3. d4 exd4 4. Nxd4 Nf6 5. Nc3 Bb4 6. Nxc6 bxc6 7. Bd3 d5 8. exd5 O-O 9. O-O cxd5 10. Bg5 c6 11. Qf3 h6 12. Bxf6 Qxf6 13. Qxf6 gxf6 14. Ne2 Bd6 15. Ng3 Be5 16. c3 Rb8 17. Rab1 Rb6 18. f4 Bd6 19. Nh5 Be7 20. Rfe1 Bd8 21. Re3 Ba6 22. Rg3+ Kh8 23. Bxa6 Rxa6 24. a3 d4 25. cxd4 Ra5 26. Rh3 Bb6 27. Rd1 Rd5 28. Kh1 Bxd4 29. Rhd3 Rfd8 30. b3 Rxh5 31.
Rxd4 Rhd5 32. Rxd5 cxd5 33. Kg1 f5 34. Kf2 d4 35. Rd3 Kg7 36. Rg3+ Kf6 37. Ke2 Ke6 38. Rh3 Kd5 39. Rxh6 Rc8 40. Kd2 Rc3 41. Rh3 Rc7 42. Rd3 Ke4 43. Rf3 f6 44. b4 Rg7 45. Rg3 Rc7 46. Rf3 Kd5 47. Rd3 Rg7 48. g3 Kc4 49. Rf3 a6 50. Rd3 Kd5 51. Rf3 Ke4 52. Rd3 Rb7 53. Kc2 a5 54. bxa5 Ra7 55. a4 Rxa5 56. Ra3 Kd5 57. Kd3 Kc5 58. Ra1 Kd5 59. Ra2 Kc5 60. Rc2+ Kb4 61. Rc4+ Kb3 62. Rxd4 Rc5 63. Rd6 Kxa4 64. Rxf6 Kb5 65. h4 Rd5+ 66. Ke3 Kc5 67. Rg6 Rd8 68. Rg5 Rf8 69. g4 Kd6 70. Rxf5 Ra8 71. g5 Ke6 72. Rf6+ Ke7 73. h5 Rh8 74. h6 Rh7 75. Rg6 Kf8 76. Rg7 Rh8 77. Ke4 Ke8 78. Ra7 Kf8 79. Ra8+ Kf7 80. Rxh8 1-0

[Variant "Standard"]
[Site "Europe Echecs"]

[Event "Championnat du monde jeunes U10"]
[Date "2024.11.17"]
[White "Kadyr, Aldiyar"]
[Black "Yrysov, Timur"]
[WhiteElo "1759"]
[BlackElo "1604"]
[Round "3.3"]
[Result "1-0"]
[TimeControl "5400+30"]

1. e4 c5 2. Nf3 d6 3. d4 cxd4 4. Nxd4 Nf6 5. Nc3 e5 6. Nb3 Be6 7. Be2 Be7 8. Bg5 Nc6 9. Bxf6 Bxf6 10. Qd3 a6 11. Rd1 Bxb3 12. axb3 Nb4 13. Qxd6 Nxc2+ 14. Kf1 Nd4 15. Qb4 Be7 16. Qxb7 O-O 17. Qd5 Qb8 18. Bc4 Kh8 19. Ne2 Nxe2 20. Kxe2 Ra7 21. Rd3 f5 22. Rhd1 fxe4 23. Qxe4 Bc5 24. Rf3 Bd4 25. Rd2 a5 26. Kf1 a4 27. Rh3 g6 28. Rxd4 exd4 29. Qxd4+ Rg7 30. Rxh7+ Kxh7 31. Qh4# 1-0

[Variant "Standard"]
[Site "Europe Echecs"]

[Event "Championnat du monde jeunes U10"]
[Date "2024.11.17"]
[White "Sander, Tino"]
[Black "Shrubok, Herman"]
[WhiteElo "1736"]
[BlackElo "1477"]
[Round "3.4"]
[Result "0-1"]
[TimeControl "5400+30"]

1. e4 c5 2. Nf3 e6 3. d4 cxd4 4. Nxd4 Nf6 5. Nc3 Nc6 6. Ndb5 Bc5 7. Bf4 O-O 8. Bc7 Qe7 9. Bd6 Bxd6 10. Qxd6 Qd8 11. Rd1 a6 12. Nd4 Ne7 13. Nf3 Ne8 14. Qd2 Qc7 15. Be2 b5 16. O-O d6 17. a4 b4 18. Na2 a5 19. c3 bxc3 20. Nxc3 Qb6 21. Bb5 Nc6 22. Nd4 Bb7 23. Nxc6 Bxc6 24. Bxc6 Qxc6 25. Rfe1 Rd8 26. Nb5 Qa6 27. Rc1 d5 28. exd5 Rxd5 29. Qc3 Qb6 30. Qc6 Qd8 31. Nc3 Rd6 32. Red1 Rxc6 33. Rxd8 Nd6 34. Rxf8+ Kxf8 35. Ne2 Rb6 36. Rc2 Rb4 37. Nc3 Nc4 38. Na2 Rxb2 39. Rxc4 Rxa2 40. g3 Ke7 41. h4 Kd6 42. Kg2 h5 43. Kf3 f6 44. Ke3 e5 45. g4 Kd5 46. Rc7 Rxa4 47. Rxg7 Rxg4 48. Ra7 a4 49.
Ra5+ Ke6 50. Ra6+ Kf5 51. Kf3 Rxh4 52.
Kg3 Rf4 53. Kg2 Kg4 54. Ra7 Rb4 55.
Rg7+ Kf5 56. Kh3 Rf4 57. Kg2 Rg4+ 58.
Kf3 Rxg7 0-1

[Variant "Standard"]
[Site "Europe Echecs"]

[Event "Championnat du monde jeunes U10"]
[Date "2024.11.17"]
[White "Ismailov, Omarbek"]
[Black "Li, Weilong"]
[WhiteElo "1625"]
[BlackElo "1735"]
[Round "3.5"]
[Result "0-1"]
[TimeControl "5400+30"]

1. d4 Nf6 2. Bf4 d6 3. Nc3 Nbd7 4. Nf3 c5 5. dxc5 Nxc5 6. e3 e5 7. Bg3 Be7 8. Bc4 O-O 9. h3 a6 10. O-O b5 11. Be2 Bb7 12. b4 Nce4 13. Nxe4 Nxe4 14. Bh2 Nc3 15. Qd2 Qc7 16. Rfc1 f6 17. Qe1 d5 18. Nd4 Nxe2+ 19. Qxe2 Qc8 20. Nb3 Bxb4 21. a4 Bc3 22. Ra2 b4 23. Rd1 Qc7 24. f4 a5 25. f5 Ba6 26. Qg4 Bc4 27. Bg3 Qf7 28. Bf2 h5 29. Qf3 e4 30. Qg3 d4 31. exd4 Bxb3 32. cxb3 Qxb3 33. Raa1 Qd5 34. Rab1 Qxf5 35. d5 Qd7 36. Qh4 Qxa4 37. Qxe4 Qd7 38. Bc5 Rfc8 39. d6 Be5 40. Qd5+ Kf8 41. Rf1 Qc6 42. Qxe5 Qxc5+ 43. Qxc5 Rxc5 44. Rfd1 Rd8 45. Rb2 Rd7 46. Kf2 Ke8 47. Rd4 Kd8 48. g4 hxg4 49. hxg4 Kc8 50. Ke3 Kb7 51. Rh2 Kc6 52. Rh8 Re5+ 53. Kd3 Rxd6 54. Rc8+ Kd7 55. Rd8+ Kxd8 56. Rxd6+ Kc7 57. Rd4 Kc6 58. Kc2 Kb5 59. Rd8 Rg5 60. Rd4 a4 61. Kb2 Re5 62. Kc2 a3 63. Rd3 Kc4 64. Rf3 Re4 65. g5 fxg5 66. Rg3 b3+ 67. Kc1 b2+ 0-1

[Variant "Standard"]
[Site "Europe Echecs"]